Map: Dasan Station LE

Players

corrbl

  • Race: Protoss Protoss
  • League: Gold
  • Spawn Location: 12:00

Fropez - Winner!

  • Race: Protoss Protoss
  • League: Gold
  • Spawn Location: 6:00

VOD

Have the link to the VOD?

Description

Time

  • Played on: Sept. 9, 2016, 12:42 p.m.
  • Length: 11:14
Show
View Real Time Build Order
Export as new Build Order

corrbl Protoss 

Build Orders:  

Get SALT Encoding   

  12  0:03  Probe (Chrono Boost)  
  13  0:14  Probe (Chrono Boost)  
  14  0:24  Probe (Chrono Boost)  
  15  0:47  Pylon  
  15  0:55  Assimilator  
  15  1:02  Assimilator  
  15  1:05  Probe (Chrono Boost)  
  16  1:11  Gateway  
  16  1:16  Probe (Chrono Boost)  
  17  1:26  Probe (Chrono Boost)  
  18  1:37  Probe (Chrono Boost)  
  18  1:38  Pylon  
  19  1:47  Probe (Chrono Boost)  
  20  1:58  Probe (Chrono Boost)  
  20  1:59  Cybernetics Core  
  21  2:06  Gateway  
  21  2:09  Probe (Chrono Boost)  
  21  2:13  Forge  
  22  2:19  Probe (Chrono Boost)  
  24  2:30  Probe (Chrono Boost)  
  24  2:33  Gateway  
  24  2:37  Gateway  
  24  2:38  Warp Gate (Chrono Boost)  
  24  2:40  Probe  
  24  2:48  Sentry (Chrono Boost)  
  26  2:55  Stalker (Chrono Boost)  
  25  3:33  Stalker x2  
  29  3:48  Stalker  
  31  4:02  Protoss Ground Weapons Level 1 (Chrono Boost)  
  31  4:22  Twilight Council  
  31  4:38  Pylon  
  31  4:47  Pylon  
  31  4:56  Probe  
  32  5:04  Dark Shrine  
  32  5:06  Stalker x3  
  32  5:07  Stalker  
  40  5:08  Probe  
  41  5:21  Probe  
  25  5:43  Probe  
  26  5:55  Probe  
  27  6:07  Probe  
  28  6:18  Dark Templar x3  
  32  6:19  Probe  
  35  6:31  Probe  
  30  6:57  Dark Templar  
  9  9:00  Assimilator  
  5  10:09  Assimilator  
  5  10:18  Pylon  
Show
View Real Time Build Order
Export as new Build Order

Fropez Protoss - Winner!

Build Orders:  

Get SALT Encoding   

  12  0:01  Probe (Chrono Boost)  
  13  0:14  Pylon  
  13  0:18  Probe (Chrono Boost)  
  14  0:34  Probe (Chrono Boost), Gateway  
  15  0:41  Assimilator  
  15  0:45  Probe (Chrono Boost)  
  16  0:55  Pylon, Probe (Chrono Boost)  
  17  1:06  Probe (Chrono Boost)  
  17  1:10  Pylon  
  18  1:22  Cybernetics Core  
  18  1:23  Probe (Chrono Boost)  
  18  1:34  Probe (Chrono Boost)  
  18  1:35  Assimilator  
  19  1:44  Probe (Chrono Boost)  
  20  1:53  Pylon  
  20  1:55  Probe (Chrono Boost)  
  21  2:01  Warp Gate (Chrono Boost)  
  21  2:06  Adept, Mothership Core  
  25  2:19  Gateway  
  25  2:27  Probe  
  26  2:33  Adept  
  28  2:48  Probe  
  29  2:58  Gateway  
  29  2:59  Pylon  
  29  3:00  Adept  
  31  3:19  Adept  
  33  3:24  Gateway  
  31  3:30  Gateway  
  31  3:41  Adept  
  33  4:02  Nexus  
  31  4:32  Twilight Council  
  31  4:33  Pylon  
  31  4:40  Probe  
  32  4:46  Adept x3  
  32  4:51  Adept  
  40  5:09  Pylon  
  40  5:10  Resonating Glaives (Chrono Boost)  
  40  5:13  Pylon  
  40  5:16  Adept  
  40  5:48  Adept x4, Probe  
  40  5:49  Adept  
  51  5:50  Probe  
  52  6:00  Dark Shrine  
  50  6:23  Pylon  
  50  6:24  Adept x3  
  56  6:26  Pylon  
  56  7:01  Adept x5, Probe  
  60  7:02  Probe  
  68  7:23  Forge  
  68  7:24  Robotics Facility  
  62  7:45  Forge  
  60  8:05  Photon Cannon  
  60  8:07  Photon Cannon  
  58  8:22  Pylon  
  58  8:23  Pylon  
  57  8:46  Dark Templar x3  
  63  8:52  Pylon  
  63  8:53  Assimilator  
  63  9:09  Probe  
  63  9:10  Probe  
  63  9:16  Protoss Ground Weapons Level 1 (Chrono Boost)  
  65  9:22  Assimilator  
  65  9:27  Forge  
  65  9:29  Photon Cannon  
  65  10:11  Nexus  
  65  10:13  Pylon  
  65  10:17  Pylon  
  65  10:18  Assimilator  
  65  10:23  Assimilator  
  65  10:26  Pylon  
  65  10:30  Pylon  
  65  10:35  Probe  
  66  10:47  Probe  
  67  10:59  Probe  
Tags
 
League
GoldGold
Matchup
PvP
Replay Pack
All Mines
Spawn Locations
Cross Positions
Add a new tag
Caveats
  • Supply blocks, unpowered buildings, or Contaminate may cause inaccurate times.
  • Supply counts are checked every 10 seconds.